| TOP OF THE 1ST |
|
San Antonio Missions batting - Pitching for Columbia Fireflies : RHP Matt Bennett
|
|
Pitching: RHP Matt Bennett
|
|
|
Batting: RHB Jaden Scott
|
0-0: Ball 1-0: Ball 2-0: Foul Ball, location: 2F 2-1: DOUBLE (Line Drive, 78D, EV 100.0 MPH)
|
|
Batting: RHB Freddie Brown
|
0-0: Called Strike 0-1: Called Strike Jaden Scott steals 3rd base 0-2: Ball 1-2: Strikes out swinging
|
|
Batting: RHB John Freeman
|
0-0: Ball 1-0: SINGLE (Groundball, 56S, EV 62.5 MPH) (infield hit) Jaden Scott scores
|
|
Batting: RHB Cesar Ortega
|
0-0: Swinging Strike 0-1: Ball 1-1: Fly out, F7 (Flyball, 78M, EV 93.1 MPH)
|
|
Batting: RHB Adrian Martinelli
|
0-0: Ball 1-0: Foul Ball, location: 2F 1-1: Ball 2-1: Called Strike 2-2: Foul Ball, location: 2F 2-2: Ball 3-2: Ground out 6-3 (Groundball, 6, EV 93.1 MPH)
|
| Top of the 1st over - 1 run, 2 hits, 0 errors, 1 left on base; San Antonio 1 - Columbia 0 |
| BOTTOM OF THE 1ST |
|
Columbia Fireflies batting - Pitching for San Antonio Missions : LHP Ed Valdez
|
|
Pitching: LHP Ed Valdez
|
|
|
Batting: RHB Larry Shoop
|
0-0: Swinging Strike 0-1: Ball 1-1: Ground out 6-3 (Groundball, P, EV 79.4 MPH)
|
|
Batting: RHB Andy Carrell
|
0-0: SINGLE (Groundball, 3D, EV 94.4 MPH)
|
|
Batting: SHB Masatoshi Akahoshi
|
0-0: Called Strike 0-1: Grounds into double play, 6-4-3 (Groundball, 6, EV 84.4 MPH)
|
| Bottom of the 1st over - 0 runs, 1 hit, 0 errors, 0 left on base; San Antonio 1 - Columbia 0 |
| TOP OF THE 2ND |
|
San Antonio Missions batting - Pitching for Columbia Fireflies : RHP Matt Bennett
|
|
Batting: LHB Teko van de Sande
|
0-0: Called Strike 0-1: Swinging Strike 0-2: Fly out, F3 (Line Drive, 3, EV 71.2 MPH)
|
|
Batting: RHB Joe Weissman
|
0-0: Foul Ball, location: 2F 0-1: Called Strike 0-2: Ball 1-2: Ball 2-2: Fly out, F3 (Popup, 3L, EV 75.6 MPH)
|
|
Batting: RHB David Aguilar
|
0-0: Ball 1-0: Called Strike 1-1: Swinging Strike 1-2: Ball 2-2: Strikes out swinging
|
| Top of the 2nd over - 0 runs, 0 hits, 0 errors, 0 left on base; San Antonio 1 - Columbia 0 |
| BOTTOM OF THE 2ND |
|
Columbia Fireflies batting - Pitching for San Antonio Missions : LHP Ed Valdez
|
|
Batting: RHB Masaya Nakamura
|
0-0: Ball 1-0: Ball 2-0: Called Strike 2-1: Foul Ball, location: 2F 2-2: Strikes out swinging
|
|
Batting: SHB Justin Wallace
|
0-0: Ball 1-0: Foul Ball, location: 2F 1-1: Ball 2-1: Ground out 6-3 (Groundball, 6, EV 82.5 MPH)
|
|
Batting: RHB Jose Lara
|
0-0: Ball 1-0: Foul Ball, location: 2F 1-1: Fly out, F8 (Flyball, 89D, EV 79.4 MPH)
|
| Bottom of the 2nd over - 0 runs, 0 hits, 0 errors, 0 left on base; San Antonio 1 - Columbia 0 |
| TOP OF THE 3RD |
|
San Antonio Missions batting - Pitching for Columbia Fireflies : RHP Matt Bennett
|
|
Batting: LHB Josh Slusarczyk
|
0-0: Foul Ball, location: 2F 0-1: Ball 1-1: Ball 2-1: Called Strike 2-2: Foul Ball, location: 2F 2-2: Strikes out looking
|
|
Batting: RHB Jaden Scott
|
0-0: Foul Ball, location: 2F 0-1: Called Strike 0-2: Ball 1-2: Reached on error, E6 (Groundball, 6, EV 93.1 MPH)
|
|
Batting: RHB Freddie Brown
|
0-0: Ball 1-0: Grounds into double play, 6-4-3 (Groundball, 6, EV 85.6 MPH)
|
| Top of the 3rd over - 0 runs, 0 hits, 1 error, 0 left on base; San Antonio 1 - Columbia 0 |
| BOTTOM OF THE 3RD |
|
Columbia Fireflies batting - Pitching for San Antonio Missions : LHP Ed Valdez
|
|
Batting: LHB Tony Leyba
|
0-0: Called Strike 0-1: Ball 1-1: Foul Ball, location: 2F 1-2: Ball 2-2: Fly out, F7 (Flyball, 7, EV 94.4 MPH)
|
|
Batting: LHB Preston Knaak
|
0-0: Called Strike 0-1: Ball 1-1: Ball 2-1: Foul Ball, location: 2F 2-2: Foul Ball, location: 2F 2-2: Ball 3-2: Base on Balls
|
|
Batting: RHB Fathi Addae
|
0-0: Fly out, F4 (Popup, 6M, EV 73.1 MPH)
|
|
Batting: RHB Larry Shoop
|
0-0: Called Strike 0-1: Ball 1-1: Swinging Strike 1-2: Strikes out swinging
|
| Bottom of the 3rd over - 0 runs, 0 hits, 0 errors, 1 left on base; San Antonio 1 - Columbia 0 |
| TOP OF THE 4TH |
|
San Antonio Missions batting - Pitching for Columbia Fireflies : RHP Matt Bennett
|
|
Batting: RHB John Freeman
|
0-0: SINGLE (Line Drive, 7S, EV 94.4 MPH)
|
|
Batting: RHB Cesar Ortega
|
0-0: Foul Ball, location: 2F 0-1: Ball 1-1: Swinging Strike 1-2: Strikes out looking
|
|
Batting: RHB Adrian Martinelli
|
0-0: Ball John Freeman steals 2nd base 1-0: Swinging Strike 1-1: Ball 2-1: Swinging Strike 2-2: Strikes out swinging
|
|
Batting: LHB Teko van de Sande
|
0-0: Called Strike 0-1: Ground out 2-3 (Groundball, 15S, EV 68.8 MPH)
|
| Top of the 4th over - 0 runs, 1 hit, 0 errors, 1 left on base; San Antonio 1 - Columbia 0 |
| BOTTOM OF THE 4TH |
|
Columbia Fireflies batting - Pitching for San Antonio Missions : LHP Ed Valdez
|
|
Batting: RHB Andy Carrell
|
0-0: Called Strike 0-1: Fly out, F8 (Line Drive, 8RM, EV 85.0 MPH)
|
|
Batting: SHB Masatoshi Akahoshi
|
0-0: Ball 1-0: Ball 2-0: Foul Ball, location: 2F 2-1: Swinging Strike 2-2: Ground out 6-3 (Groundball, 6, EV 101.2 MPH)
|
|
Batting: RHB Masaya Nakamura
|
0-0: Swinging Strike 0-1: Ball 1-1: Reached on error, E3 (Groundball, 34, EV 92.5 MPH)
|
|
Batting: SHB Justin Wallace
|
0-0: Ground out 5-3 (Groundball, 56S, EV 87.5 MPH)
|
| Bottom of the 4th over - 0 runs, 0 hits, 1 error, 1 left on base; San Antonio 1 - Columbia 0 |
| TOP OF THE 5TH |
|
San Antonio Missions batting - Pitching for Columbia Fireflies : RHP Matt Bennett
|
|
Batting: RHB Joe Weissman
|
0-0: Foul Ball, location: 2F 0-1: Called Strike 0-2: Strikes out looking
|
|
Batting: RHB David Aguilar
|
0-0: Called Strike 0-1: Ball 1-1: Ball 2-1: Foul Ball, location: 2F 2-2: SOLO HOME RUN (Flyball, 9D, EV 97.5 MPH), Distance : 366 ft
|
|
Batting: LHB Josh Slusarczyk
|
0-0: Called Strike 0-1: Ball 1-1: Swinging Strike 1-2: Ball 2-2: Strikes out swinging
|
|
Batting: RHB Jaden Scott
|
0-0: Swinging Strike 0-1: Ball 1-1: Ball 2-1: Ball 3-1: Base on Balls
|
|
Batting: RHB Freddie Brown
|
0-0: Fielders Choice at 2nd, 6-4 (Groundball, 6, EV 105.6 MPH)
|
| Top of the 5th over - 1 run, 1 hit, 0 errors, 1 left on base; San Antonio 2 - Columbia 0 |
| BOTTOM OF THE 5TH |
|
Columbia Fireflies batting - Pitching for San Antonio Missions : LHP Ed Valdez
|
|
Batting: RHB Jose Lara
|
0-0: Ball 1-0: Ground out 4-3 (Groundball, 4, EV 87.5 MPH)
|
|
Batting: LHB Tony Leyba
|
0-0: Ball 1-0: Ball 2-0: Ball 3-0: Base on Balls
|
|
Batting: LHB Preston Knaak
|
0-0: Called Strike 0-1: Called Strike 0-2: Strikes out looking
|
|
Batting: RHB Fathi Addae
|
0-0: Ball 1-0: Foul Ball, location: 2F 1-1: Ball 2-1: Foul Ball, location: 2F 2-2: Ball 3-2: SINGLE (Groundball, 13S, EV 69.4 MPH) (infield hit) Tony Leyba to second
|
|
Batting: RHB Larry Shoop
|
0-0: Foul Ball, location: 2F 0-1: Fly out, F6 (Popup, 6, EV 71.2 MPH)
|
| Bottom of the 5th over - 0 runs, 1 hit, 0 errors, 2 left on base; San Antonio 2 - Columbia 0 |
| TOP OF THE 6TH |
|
San Antonio Missions batting - Pitching for Columbia Fireflies : RHP Matt Bennett
|
|
Batting: RHB John Freeman
|
0-0: Called Strike 0-1: Ball 1-1: Called Strike 1-2: Foul Ball, location: 2F 1-2: Strikes out swinging
|
|
Batting: RHB Cesar Ortega
|
0-0: Foul Ball, location: 2F 0-1: Swinging Strike 0-2: Fly out, F8 (Flyball, 8LS, EV 89.4 MPH)
|
|
Batting: RHB Adrian Martinelli
|
0-0: Swinging Strike 0-1: Ball 1-1: Foul Ball, location: 2F 1-2: DOUBLE (Line Drive, 7LS, EV 106.9 MPH)
|
|
Batting: LHB Teko van de Sande
|
0-0: Swinging Strike 0-1: Swinging Strike 0-2: Strikes out swinging
|
| Top of the 6th over - 0 runs, 1 hit, 0 errors, 1 left on base; San Antonio 2 - Columbia 0 |
| BOTTOM OF THE 6TH |
|
Columbia Fireflies batting - Pitching for San Antonio Missions : LHP Ed Valdez
|
|
Batting: RHB Andy Carrell
|
0-0: Ball 1-0: Ball 2-0: SINGLE (Groundball, 56D, EV 107.5 MPH)
|
|
Batting: SHB Masatoshi Akahoshi
|
0-0: Called Strike 0-1: Foul Ball, location: 2F 0-2: Foul Ball, location: 2F 0-2: Ball 1-2: Foul Ball, location: 2F 1-2: Ground out 4-3 (Groundball, 34S, EV 85.0 MPH) Andy Carrell to second
|
|
Batting: RHB Masaya Nakamura
|
0-0: Ball 1-0: Foul Ball, location: 2F 1-1: Ground out 5-3 (Groundball, 5S, EV 70.6 MPH) Andy Carrell to third
|
|
Batting: SHB Justin Wallace
|
0-0: Ball 1-0: Called Strike 1-1: DOUBLE (Groundball, 5L, EV 101.2 MPH) Andy Carrell scores
|
|
Batting: RHB Jose Lara
|
0-0: Ground out 6-3 (Groundball, 6, EV 93.8 MPH)
|
| Bottom of the 6th over - 1 run, 2 hits, 0 errors, 1 left on base; San Antonio 2 - Columbia 1 |
| TOP OF THE 7TH |
|
San Antonio Missions batting - Pitching for Columbia Fireflies : RHP Matt Bennett
|
|
Batting: RHB Joe Weissman
|
0-0: Ball 1-0: Ball 2-0: Ball 3-0: Base on Balls
|
|
Batting: RHB David Aguilar
|
0-0: Bunted foul 0-1: Ball 1-1: Bunt missed! 1-2: Foul Ball, location: 2F 1-2: Ball 2-2: Foul Ball, location: 2F 2-2: Foul Ball, location: 2F 2-2: Ball 3-2: Ground out 6-3 (Groundball, 56, EV 86.2 MPH) Joe Weissman to second
|
|
Pitching: LHP Ricardo Chavez
|
|
|
Pinch Hitting: RHB Mike Maserang
|
0-0: Called Strike 0-1: Foul Ball, location: 2F 0-2: Ball 1-2: Ball 2-2: Ball 3-2: Foul Ball, location: 2F 3-2: Strikes out swinging
|
|
Pitching: LHP Bubba Fields
|
|
|
Batting: RHB Jaden Scott
|
0-0: Ball 1-0: Ball 2-0: Called Strike 2-1: Ball 3-1: Swinging Strike 3-2: Strikes out looking
|
| Top of the 7th over - 0 runs, 0 hits, 0 errors, 1 left on base; San Antonio 2 - Columbia 1 |
| BOTTOM OF THE 7TH |
|
Columbia Fireflies batting - Pitching for San Antonio Missions : LHP Ed Valdez
|
|
Now at 2B: Roberto Monzon
|
|
|
Now at SS: Teko van de Sande
|
|
|
Batting: LHB Tony Leyba
|
0-0: SINGLE (Groundball, 4D, EV 100.0 MPH)
|
|
Batting: LHB Preston Knaak
|
0-0: Grounds into double play, U6-3 (Groundball, 4M, EV 89.4 MPH)
|
|
Batting: RHB Fathi Addae
|
0-0: Ball 1-0: Ball 2-0: Ball 3-0: Called Strike 3-1: Ground out 3-1 (Groundball, 13, EV 85.0 MPH)
|
| Bottom of the 7th over - 0 runs, 1 hit, 0 errors, 0 left on base; San Antonio 2 - Columbia 1 |
| TOP OF THE 8TH |
|
San Antonio Missions batting - Pitching for Columbia Fireflies : LHP Bubba Fields
|
|
Pitching: RHP Jason Horvath
|
|
|
Batting: RHB Freddie Brown
|
0-0: Ball 1-0: Ball 2-0: Ball 3-0: Base on Balls
|
|
Batting: RHB John Freeman
|
0-0: Ball 1-0: Ball 2-0: Ball 3-0: Base on Balls Freddie Brown to second
|
|
Batting: RHB Cesar Ortega
|
0-0: Swinging Strike 0-1: SINGLE (Groundball, 5S, EV 72.5 MPH) (infield hit) Freddie Brown to third John Freeman to second
|
|
Batting: RHB Adrian Martinelli
|
0-0: Ball 1-0: Called Strike 1-1: Foul Ball, location: 2F 1-2: Ball 2-2: Strikes out swinging
|
|
Batting: LHB Teko van de Sande
|
0-0: GRAND SLAM HOME RUN (Flyball, 89XD, EV 108.1 MPH), Distance : 420 ft
|
|
Pitching: RHP Justin Wilkins
|
|
|
Batting: RHB Joe Weissman
|
0-0: Swinging Strike 0-1: Ball 1-1: Foul Ball, location: 2F 1-2: Ball 2-2: SOLO HOME RUN (Flyball, 9LD, EV 92.5 MPH), Distance : 355 ft
|
|
Batting: RHB David Aguilar
|
0-0: Ground out 5-3 (Groundball, 5, EV 79.4 MPH)
|
|
Batting: RHB Roberto Monzon
|
0-0: Ball 1-0: Ball 2-0: Swinging Strike 2-1: Ball 3-1: Foul Ball, location: 2F 3-2: Foul Ball, location: 2F 3-2: Foul Ball, location: 2F 3-2: Foul Ball, location: 2F 3-2: Fly out, F7 (Flyball, 7, EV 85.0 MPH)
|
| Top of the 8th over - 5 runs, 3 hits, 0 errors, 0 left on base; San Antonio 7 - Columbia 1 |
| BOTTOM OF THE 8TH |
|
Columbia Fireflies batting - Pitching for San Antonio Missions : LHP Ed Valdez
|
|
Batting: RHB Larry Shoop
|
0-0: Swinging Strike 0-1: Foul Ball, location: 2F 0-2: Fly out, F8 (Flyball, 8RXD, EV 86.9 MPH)
|
|
Batting: RHB Andy Carrell
|
0-0: Called Strike 0-1: Ball 1-1: Foul Ball, location: 2F 1-2: Fly out, F9 (Flyball, 9, EV 73.1 MPH)
|
|
Batting: SHB Masatoshi Akahoshi
|
0-0: Called Strike 0-1: Ball 1-1: DOUBLE (Flyball, 89D, EV 100.6 MPH)
|
|
Batting: RHB Masaya Nakamura
|
0-0: Ball 1-0: Called Strike 1-1: Ball 2-1: Foul Ball, location: 2F 2-2: Foul Ball, location: 2F 2-2: Strikes out swinging, 2-3 out at first.
|
| Bottom of the 8th over - 0 runs, 1 hit, 0 errors, 1 left on base; San Antonio 7 - Columbia 1 |
| TOP OF THE 9TH |
|
San Antonio Missions batting - Pitching for Columbia Fireflies : RHP Justin Wilkins
|
|
Batting: RHB Jaden Scott
|
0-0: Ball 1-0: Ground out 6-3 (Groundball, 6S, EV 83.8 MPH)
|
|
Batting: RHB Freddie Brown
|
0-0: Foul Ball, location: 2F 0-1: Ball 1-1: Ball 2-1: Foul Ball, location: 2F 2-2: Ball 3-2: Foul Ball, location: 2F 3-2: Ground out 5-3 (Groundball, 56S, EV 87.5 MPH)
|
|
Batting: RHB John Freeman
|
0-0: Called Strike 0-1: Reached on error, E5 (Groundball, 56S, EV 83.8 MPH)
|
|
Batting: RHB Cesar Ortega
|
0-0: Called Strike 0-1: Fly out, F8 (Flyball, 8LS, EV 91.9 MPH)
|
| Top of the 9th over - 0 runs, 0 hits, 1 error, 1 left on base; San Antonio 7 - Columbia 1 |
| BOTTOM OF THE 9TH |
|
Columbia Fireflies batting - Pitching for San Antonio Missions : LHP Ed Valdez
|
|
Pitching: LHP Dan Gatlin
|
|
|
Batting: SHB Justin Wallace
|
0-0: Called Strike 0-1: Ball 1-1: Called Strike 1-2: Ball 2-2: Foul Ball, location: 2F 2-2: Foul Ball, location: 2F 2-2: Fly out, F8 (Flyball, 8LXD, EV 110.0 MPH)
|
|
Batting: RHB Jose Lara
|
0-0: Ball 1-0: Ground out 5-3 (Groundball, 56, EV 90.0 MPH)
|
|
Batting: LHB Tony Leyba
|
0-0: Called Strike 0-1: Ball 1-1: Ball 2-1: Swinging Strike 2-2: Ball 3-2: Foul Ball, location: 2F 3-2: Strikes out looking
|
| Bottom of the 9th over - 0 runs, 0 hits, 0 errors, 0 left on base; San Antonio 7 - Columbia 1 |
|